 Dungeon Crawl Stone Soup version 0.27-a0-394-g49c82dfaf2 (webtiles) character file.

Game seed: 15800307818737747129

12252 wakim the Fighter (level 11, -3/95 (105) HPs)
             Began as a Minotaur Berserker on Feb 20, 2021.
             Was a High Priest of Trog.
             Killed from afar by a revenant (13 damage)
             ... with a ghostly fireball
             ... on level 2 of the Abyss.
             The game lasted 00:40:16 (10920 turns).

wakim the Fighter (Minotaur Berserker)             Turns: 10920, Time: 00:40:16

HP:   -3/95 (105)   AC: 32    Str: 22    XL:     11   Next: 60%
MP:   10/10         EV: 10    Int:  6    God:    Trog [*****.]
Gold: 544           SH:  5    Dex: 11    Spells: 10/10 levels left

rFire    . . .     SeeInvis .   a - +4 dire flail
rCold    . . .     Faith    .   (shield currently unavailable)
rNeg     + . .     Spirit   .   O - +2 plate armour {rN+}
rPois    .         Reflect  +   (helmet restricted)
rElec    .         Harm     .   o - +0 cloak
rCorr    .         Rampage  .   r - +0 pair of gloves
Will     +....                  x - +2 pair of boots
Stlth    ..........             u - amulet of reflection
HPRegen  0.25/turn              L - ring of willpower
MPRegen  0.12/turn              J - ring of the Tortoise {AC+8}

@: drained
A: retaliatory headbutt, horns 2
a: Renounce Religion, Berserk, Trog's Hand, Brothers in Arms


You were on level 2 of the Abyss.
You worshipped Trog.
Trog was extremely pleased with you.
You visited 2 branches of the dungeon, and saw 12 of its levels.
You visited the Abyss 1 time.

You collected 544 gold pieces.

Inventory:

Hand Weapons
 a - a +4 dire flail (weapon)
 b - a +0 shortbow of freezing
 I - the +5 dagger "Leviticus" {venom, rPois Stlth+}
   (You found it on level 4 of the Dungeon)

   It poisons the flesh of those it strikes.
   It protects you from poison.
   It makes you more stealthy.
Missiles
 z - 58 bolts
 A - 196 arrows
Armour
 o - a +0 cloak (worn)
 r - a +0 pair of gloves (worn)
 x - a +2 pair of boots (worn)
 O - a +2 plate armour of positive energy (worn)
Jewellery
 u - an amulet of reflection (around neck)
 C - a +6 ring of dexterity
 J - the ring of the Tortoise (right hand) {AC+8}
   (You found it on level 9 of the Dungeon)

   [ring of protection]

   It affects your AC (+8).
 L - a ring of willpower (left hand)
Wands
 n - a wand of iceblast (21)
 y - a wand of acid (6)
Scrolls
 e - 2 scrolls of fear {unknown}
 g - 2 scrolls of noise {unknown}
 i - 2 scrolls of amnesia {unknown}
 j - 2 scrolls of enchant weapon {unknown}
 k - 2 scrolls of identify
 l - 2 scrolls of fog {unknown}
 s - a scroll of enchant armour {unknown}
 t - 3 scrolls of blinking {unknown}
 v - 5 scrolls of teleportation
 B - a scroll of immolation {unknown}
 G - 2 scrolls of random uselessness {unknown}
Potions
 c - 7 potions of curing
 d - 2 potions of invisibility
 f - 2 potions of heal wounds
 h - 3 potions of berserk rage
 m - 4 potions of haste
 p - a potion of cancellation {unknown}
 w - 2 potions of ambrosia
 D - 4 potions of flight
 H - a potion of might


   Skills:
 + Level 12.3 Fighting
 * Level 5.0 Maces & Flails
 - Level 1.2 Slings
 - Level 3.0 Bows
 + Level 12.1 Armour
 + Level 9.1 Dodging
 + Level 7.0 Stealth


You had 10 spell levels left.
You didn't know any spells.
Your spell library was empty.

Dungeon Overview and Level Annotations

Branches:
Dungeon (11/15)            Temple (1/1) D:5            Lair (0/6) D:11
    Orc: D:9-12

Altars:
Ashenzari
Cheibriados
Elyvilon
Gozag
Kikubaaqudgha
Makhleb
Nemelex Xobeh
Qazlal
Ru
Sif Muna
Trog
Uskayaw
Wu Jian
Yredelemnul

Shops:
D:11 !

Portals:
Bailey: D:11

Annotations:
D:11 Sonja


Innate Abilities, Weirdness & Mutations

You reflexively headbutt those who attack you in melee.
You have a pair of horns on your head.


Message History

The spectral snapping turtle closely misses you.
The spectral shadow dragon bites you but does no damage.
The spectral shadow dragon claws you.
* * * LOW HITPOINT WARNING * * *
The spectral shadow dragon claws you but does no damage.
The revenant lashes out with ghostly flames.
The ghostly flame explodes!
The ghostly fireball engulfs you! You partially resist.
You feel drained.
* * * LOW HITPOINT WARNING * * *
The ghostly fireball engulfs the spectral shadow dragon.
The spectral shadow dragon completely resists.
The ghostly fireball engulfs the spectral snapping turtle.
The spectral snapping turtle completely resists.
The ghostly fireball engulfs the revenant.
The revenant completely resists.
You hear a croak.
You impale the spectral shadow dragon!!
You headbutt the spectral shadow dragon!
The spectral shadow dragon is moderately damaged.
You are engulfed in spectral mist.
* * * LOW HITPOINT WARNING * * *
The spectral shadow dragon fades away!
You block the spectral snapping turtle's attack.
The revenant hits you but does no damage.
You hit the revenant.
The revenant is severely damaged.
You are engulfed in spectral mist.
* * * LOW HITPOINT WARNING * * *
The spectral snapping turtle bites you!
* * * LOW HITPOINT WARNING * * *
The revenant hits you but does no damage.
You sock the revenant! You headbutt the revenant!
The revenant is almost destroyed.
You are engulfed in spectral mist.
* * * LOW HITPOINT WARNING * * *
The spectral snapping turtle bites you but does no damage.
The revenant lashes out with ghostly flames.
The ghostly flame explodes!
The ghostly fireball engulfs you! You partially resist.
You feel drained.
You die...

#. ... .# # .
#.# . # .## #.
...# . # . .
##..#(# .#. .# .
.# #.. ####..##.
. #
.#..###.....#...
.
###..#...##..##
## . #
.........#..# .
#. # # .#.
..#.#L.## # #. #
#.....#..#@###
..
...##.####Z..# .
##. ...#°#°## .
#.#. #.#.#.#...#
_. ...###..#...#
.# . # . .# .#.#
. ..##. # # . .#
. ..#. .#. . ..


You could see a revenant and a spectral snapping turtle (summoned).

Vanquished Creatures
  An ettin (D:10)
  A two-headed ogre (D:9)
  An unseen horror (D:10)
  A large abomination (Abyss:2)
  A mana viper (shapeshifter) (D:10)
  3 trolls (D:10)
  A hornet (D:10)
  A vampire (D:10)
  2 wraiths
  A yak (D:10)
  Menkaure (D:5)
  A steam dragon (D:9)
  A water moccasin (D:7)
  A soldier ant (D:11)
  10 sky beasts
  An orc warrior (D:6)
  4 necrophages
  7 ogres
  3 black bears
  5 ice beasts
  9 centaurs
  3 phantoms
  2 elf zombies (D:7)
  A kobold brigand (D:11)
  3 bullfrogs
  A wyvern skeleton (D:10)
  4 scorpions
  22 killer bees
  8 wights
  A troll skeleton (D:7)
  5 howler monkeys
  A quasit (D:9)
  A centaur zombie (D:10)
  3 human zombies (D:7)
  2 centaur skeletons
  2 jellies
  2 bullfrog skeletons
  4 hounds
  A human skeleton (D:7)
  4 orc priests
  3 iguanas
  Jessica (D:2)
  8 orc wizards
  9 worker ants
  A hound skeleton (D:10)
  2 mummies (D:7)
  3 gnolls (D:4)
  13 adders
  A shadow imp (D:10)
  5 white imps
  An ufetubus (D:6)
  An ooze (D:3)
  An adder zombie (D:6)
  An adder skeleton (D:4)
  4 worms
  2 dart slugs (D:1)
  6 leopard geckos
  21 orcs
  12 giant cockroaches
  10 hobgoblins
  2 jackals (D:7)
  4 kobolds
  6 quokkas
  3 ball pythons
  10 bats
  3 frilled lizards
  2 giant cockroach zombies (D:5)
  4 goblins
  A leopard gecko skeleton (D:8)
  An orc zombie (D:7)
  A quokka skeleton (D:4)
  7 rats
275 creatures vanquished.

Vanquished Creatures (others)
  An orc (D:4)
  2 fungi (D:6)
3 creatures vanquished.

Grand Total: 278 creatures vanquished

Notes
Turn   | Place    | Note
-------+----------+-------------------------------------------
     0 | D:1      | wakim the Minotaur Berserker began the quest for the Orb.
     0 | D:1      | Reached XP level 1. HP: 19/19 MP: 0/0
   332 | D:1      | Reached XP level 2. HP: 27/27 MP: 1/1
  1150 | D:2      | Reached XP level 3. HP: 33/33 MP: 2/2
  1184 | D:2      | Noticed Jessica
  1189 | D:2      | Killed Jessica
  1389 | D:2      | Reached ** piety under Trog
  1390 | D:2      | Reached XP level 4. HP: 36/41 MP: 3/3
  1917 | D:3      | Reached skill level 5 in Fighting
  2155 | D:3      | Reached XP level 5. HP: 41/48 MP: 4/4
  2511 | D:3      | Found a white marble altar of Elyvilon.
  2620 | D:4      | Noticed an ogre
  2819 | D:4      | Reached skill level 1 in Slings
  2824 | D:4      | Killed an ogre
  2825 | D:4      | Reached skill level 5 in Armour
  2825 | D:4      | Reached skill level 1 in Stealth
  2825 | D:4      | Reached XP level 6. HP: 37/57 MP: 5/5
  3611 | D:4      | Reached *** piety under Trog
  3733 | D:4      | Found a shimmering blue altar of Sif Muna.
  3742 | D:4      | Got a pitted dagger
  3743 | D:4      | Identified the +5 dagger "Leviticus" {venom, rPois Stlth+}
                  | (You found it on level 4 of the Dungeon)
  3937 | D:5      | Entered Level 5 of the Dungeon
  3971 | D:5      | Found a snail-covered altar of Cheibriados.
  3985 | D:5      | Reached XP level 7. HP: 63/63 MP: 6/6
  4042 | D:5      | Found a stormy altar of Qazlal.
  4243 | D:5      | Noticed Menkaure
  4250 | D:5      | Killed Menkaure
  4315 | D:5      | Reached skill level 5 in Maces & Flails
  4541 | D:5      | Found a staircase to the Ecumenical Temple.
  4741 | Temple   | Entered the Ecumenical Temple
  4806 | D:6      | Found an ornate altar of the Wu Jian Council.
  4815 | D:6      | Reached XP level 8. HP: 73/73 MP: 7/7
  4817 | D:6      | Found a broken altar of Ashenzari.
  5255 | D:6      | Found a burning altar of Makhleb.
  5737 | D:7      | Reached skill level 5 in Dodging
  5851 | D:7      | Found a hide-covered altar of Uskayaw.
  6068 | D:7      | Reached **** piety under Trog
  6079 | D:7      | Reached XP level 9. HP: 69/82 MP: 8/8
  6175 | D:7      | Found an ancient bone altar of Kikubaaqudgha.
  6603 | D:7      | Found an opulent altar of Gozag.
  6604 | D:7      | Found a sparkling altar of Nemelex Xobeh.
  6837 | D:8      | Reached skill level 10 in Fighting
  6955 | D:8      | Found a bloodstained altar of Trog.
  7052 | D:8      | Reached skill level 10 in Armour
  7113 | D:8      | Found a snail-covered altar of Cheibriados.
  7616 | D:9      | Reached XP level 10. HP: 94/94 MP: 9/9
  7668 | D:9      | Reached skill level 1 in Bows
  7803 | D:9      | Reached ***** piety under Trog
  7855 | D:9      | Reached skill level 5 in Stealth
  7913 | D:9      | Noticed a two-headed ogre
  7923 | D:9      | Killed a two-headed ogre
  8192 | D:9      | Found the ring of the Tortoise {AC+8}
  8240 | D:10     | Entered Level 10 of the Dungeon
  8588 | D:10     | Killed an unseen horror
  8970 | D:10     | Received a gift from Trog
  8971 | D:10     | Got a smoking dagger {god gift}
  9049 | D:10     | Identified the +2 dagger of Instinct {vorpal, *Slow rC+
                  | Will+} (Trog gifted it to you on level 10 of the Dungeon)
  9146 | D:10     | Reached XP level 11. HP: 102/102 MP: 10/10
  9192 | D:10     | Found a stormy altar of Qazlal.
  9842 | D:10     | Noticed an ettin
  9843 | D:10     | Noticed a mana viper
  9848 | D:10     | Killed an ettin
  9853 | D:10     | Killed a mana viper
 10082 | D:10     | Got a shimmering scale mail
 10101 | D:10     | Identified the +0 scale mail "Vadghina" {rPois rC+ Dex+2}
                  | (You found it on level 10 of the Dungeon)
 10315 | D:11     | Found a staircase to the Lair.
 10317 | D:11     | Found Jedotuupuz's Distillery.
 10351 | D:11     | Noticed a sixfirhy
 10359 | D:11     | Noticed a soul eater
 10747 | D:11     | Found a flagged portal.
 10747 | D:11     | Noticed Sonja
 10809 | D:11     | Cast into level 2 of the Abyss (Sonja)
 10828 | Abyss:2  | Noticed a large abomination
 10840 | Abyss:2  | Killed a large abomination
 10881 | Abyss:2  | Found a corrupted altar of Lugonu.
 10887 | Abyss:2  | Noticed a revenant
 10913 | Abyss:2  | Noticed a spectral shadow dragon
 10920 | Abyss:2  | Killed from afar by a revenant

Illustrated notes

Levels and vault maps discovered:
D:1:      dpeg_arrival_brainrot, layout_loops_ring,
          kennysheep_decorative_pillar, hangedman_feature_mirror
D:2:      layout_basic, corexii_shack, uniq_jessica
D:3:      layout_basic, nicolae_overflow_crystal_walls, minivault_27,
          st_stairs_14
D:4:      layout_rooms, lemuel_crystal_altar
D:5:      layout_loops_ring, old_standard_altar, lemuel_crystal_altar,
          temple_doors_ab, hangedman_decor_growths, kennysheep_cross_bottleneck,
          uniq_menkaure
D:6:      layout_rooms, minitemple, lemuel_round_altar, serial_aquarium,
          aquarium_bridge_island_small [aquarium_subvault_small_water,
          aquarium_subvault_window, aquarium_subvault_window,
          aquarium_subvault_bridge, aquarium_subvault_bridge],
          aquarium_window_1, aquarium_window_fake, aquarium_window_fake,
          aquarium_view_2c, aquarium_view_2b
D:7:      layout_loops_ring, grunt_temple_overflow_opulence,
          eat_drink_and_be_merry_uskayaw, lemuel_mausoleum_altar_kikubaaqudgha
D:8:      layout_rooms, bloody_trog, chei_slow_surprise
D:9:      layout_roguey
D:10:     minmay_the_grid_4x2 [minmay_the_grid_small_cups,
          minmay_the_grid_spikes, minmay_the_grid_rooms,
          minmay_the_grid_minigrid_large, minmay_the_grid_minigrid_medium,
          minmay_the_grid_empty, minmay_the_grid_diamond_grid,
          minmay_the_grid_prize_diamond_cup], layout_basic,
          nicolae_qazlal_eye_of_the_storm
D:11:     layout_basic, lair_entry_dummy, enter_bailey_8, serial_shops,
          nicolae_shop_trees, shop_statue, minivault_4, st_stairs_13,
          uniq_josephine, uniq_psyche, uniq_sonja
Temple:   dpeg_chambers_temple
Abyss:2:  base:
Bailey

Skill      XL: |  1  2  3  4  5  6  7  8  9 10 11 |
---------------+----------------------------------+-----
Fighting       | 4 5 6 7 8 10 11 12 | 12.3
Armour         | 3 4 5 6 8 10 11 12 | 12.1
Dodging        | 3 4 5 6 8 9 |  9.1
Maces & Flails | 4 5 |  5.0
Slings         | 1 |  1.2
Stealth        | 1 2 3 4 6 7 |  7.0
Bows           | 3 |  3.0

Action                   |  1- 3 |  4- 6 |  7- 9 | 10-12 || total
-------------------------+-------+-------+-------+-------++-------
Melee: Mace              |    24 |    38 |       |       ||    62
       Headbutt          |     2 |    20 |    90 |   105 ||   217
       Dire flail        |       |    63 |       |   162 ||   225
       Dagger            |       |     9 |   326 |   241 ||   576
 Fire: Hunting sling     |    60 |    65 |    30 |       ||   155
       Shortbow          |       |       |    22 |    52 ||    74
Invok: Berserk           |       |     1 |       |     2 ||     3
       Trog's Hand       |       |       |       |     1 ||     1
  Use: Scroll            |       |       |     5 |     9 ||    14
       Potion            |       |       |       |     1 ||     1
 Stab: Sleeping          |       |     1 |       |       ||     1
Armor: Animal skin       |     6 |       |       |       ||     6
       Ring mail         |     5 |    16 |       |       ||    21
       Scale mail        |       |    12 |       |       ||    12
       Plate armour      |       |       |   138 |   299 ||   437
Dodge: Dodged            |    28 |    64 |   105 |   184 ||   381
Block: Other             |       |    25 |    47 |    80 ||   152
       Reflection        |       |     2 |     2 |     5 ||     9

Table legend: (Time is in decaauts)
 A = Elapsed time spent in this place.
 B = Non-inter-level travel time spent in this place.
 C = Inter-level travel time spent in this place.
 D = Time resting spent in this place.
 E = Time spent auto-exploring this place.
 F = Levels seen in this place.
 G = Mean time per level.
                   A        B        C        D        E       F      G
               +--------+--------+--------+--------+--------+-----+--------+
         Total |  10963 |  10206 |    757 |   1882 |   5776 |  13 |  843.3 |
       Dungeon |  10849 |  10092 |    757 |   1882 |   5703 |  11 |  986.3 |
        Temple |      1 |      1 |      0 |      0 |      0 |   1 |    1.0 |
         Abyss |    113 |    113 |      0 |      0 |     73 |   1 |  113.0 |
               +--------+--------+--------+--------+--------+-----+--------+

Top non-repeatable levels by time:
    D:10: 2112 daAuts
     D:1: 1255 daAuts
     D:4: 1102 daAuts
     D:7: 1050 daAuts
     D:8: 861 daAuts
     D:6: 850 daAuts
     D:5: 849 daAuts
     D:3: 830 daAuts
     D:2: 779 daAuts
     D:9: 685 daAuts
    D:11: 471 daAuts
 Abyss:2: 113 daAuts
  Temple: 1 daAuts
